 Dungeon Crawl Stone Soup version 0.32-a0-163-g159c032296 (webtiles) character file.

Game seed: 1555336811921493154

42 zeratav the Trooper (level 3, -8/39 HPs)
             Began as an Oni Warper on Feb 11, 2024.
             Mangled by Terence
             ... wielding a +0 flail
              (9 damage)
             ... on level 2 of the Dungeon.
             The game lasted 00:01:58 (1002 turns).

zeratav the Trooper (Oni Warper)                    Turns: 1002, Time: 00:01:59

Health: -8/39      AC:  3    Str: 17    XL:     3   Next: 56%
Magic:  6/6        EV:  9    Int: 14    God:
Gold:   44         SH:  0    Dex:  8    Spells: 6/6 levels left

rFire   . . .        a - +0 mace {mace}
rCold   . . .        (no shield)
rNeg    . . .        b - +0 robe
rPois   .            (helmet restricted)
rElec   .            (no cloak)
rCorr   .            (gloves unavailable)
SInv    .            (boots unavailable)
Will    .....        (no amulet)
Stlth   +            (no ring)
HPRegen 0.26/turn    (no ring)
MPRegen 0.10/turn

%: no passive effects
@: no status effects
A: large, unfitting armour, horns 1, tough skin 1, double potion healing,
drunken brawling
a: no special abilities


You were on level 2 of the Dungeon.
You visited 1 branch of the dungeon, and saw 2 of its levels.

You collected 44 gold pieces.


Innate Abilities, Weirdness & Mutations

You are too large for most types of armour.
You have a pair of small horns on your head.
You have tough skin. (AC +1)
You gain doubled healing and magic from potions.
Whenever you drink a healing potion, you attack all around you.


   Skills:
 + Level 4.1 Fighting
 + Level 3.0 Maces & Flails
 - Level 1.0 Throwing
 - Level 2.1 Dodging
 - Level 2.4 Spellcasting
 - Level 2.6 Translocations


You had 6 spell levels left.
You didn't know any spells.
Your spell library contained the following spells:

 Spells                   Type           Power      Damage    Failure   Level
 Blink                    Tloc           18%        N/A       12%         2
 Lesser Beckoning         Tloc           18%        N/A       12%         2
 Momentum Strike          Conj/Tloc      10%        3d8       21%         2
 Teleport Other           Tloc           9%         N/A       22%         3
 Call Imp                 Summ           2%         N/A       34%         2
 Sublimation of Blood     Necr           1%         N/A       34%         2
 Manifold Assault         Tloc           9%         N/A       58%         4
 Vhi's Electric Charge    Tloc/Air       10%        N/A       78%         4
 Summon Hydra             Summ           0%         N/A       100%        7

Inventory:

Hand Weapons
 a - a +0 mace (weapon) {mace}
Missiles
 d - 7 darts of dispersal (quivered) {=fthrowing}
Armour
 b - a +0 robe (worn)
Scrolls
 c - 2 scrolls of blinking {!r}
 e - a scroll of noise {unknown}
 f - 2 scrolls of amnesia {unknown}
 h - 2 scrolls of identify {unknown}
 i - 2 scrolls of teleportation {unknown}
 j - 2 scrolls of poison {unknown}
Potions
 g - a potion of might {unknown}
 k - a potion of curing {unknown}
 l - 2 potions of brilliance {unknown}

Dungeon Overview and Level Annotations

Branches:
Dungeon (2/15) Zot: 10971

Altars:

Annotations:
D:2 Terence

~~~~~~~~P.#######.#
P~~~~~~~~.......>.#
~~~.PP~~~..#####..######
P.~...~.~..# ##........
...........# #...######
...........# ##.##
.#.#####...# #.# #.##
##### #.# ..# #@# ~.#
#@# ♣.# #........ ..#
#.####### ..# ... #.#
... .# ..... # .....
.......


You could see Terence.


Message History

No target in view!
No target in view!
No target in view!
No target in view!
No target in view!
No target in view!
No target in view!
You enter the shallow water.
A rat comes into view.
A rat is nearby!
A rat is nearby!
You enter the shallow water.
The endoplasm quivers.
The rat closely misses you.
You hit the rat. Your headbutt misses the rat. The rat closely misses you.
You hit the rat.
You kill the rat!
A ball python comes into view.
The ball python hisses angrily.
The endoplasm freezes you.
You are frozen.
HP[-1]
You take 1 damage, and now have 38/39 hp.
You sock the endoplasm!
You kill the endoplasm!
The ball python bites you.
You hit the ball python.
You kill the ball python!
No target in view!
No target in view!
No target in view!
No target in view!
No target in view!
No target in view!
No target in view!
No target in view!
Found a stone staircase leading down.
HP[+1]
Your hp is fully restored (39).
l - 2 fizzy pink potions No target in view!
There is a stone staircase leading down here.
A rat comes into view.
The rat squeaks loudly.
You hear a shout!
A rat is nearby!
A rat is nearby!
Terence the Incautious comes into view.
He is wielding a +0 flail.
Terence shouts!
The rat bites you.
HP[-3]
You take 3 damage, and now have 36/39 hp.
You barely miss the rat. The rat closely misses you.
You closely miss Terence. You headbutt Terence, but do no damage.
The rat bites you but does no damage. Terence barely misses you.
You hit Terence. The rat bites you. Terence hits you with a +0 flail.
HP[-6]
You take 6 damage, and now have 30/39 hp.
You sock the rat!
You kill the rat!
You hit Terence but do no damage. Your headbutt misses Terence.
Terence closely misses you. Terence hits you with a +0 flail!
HP[-7]
You take 7 damage, and now have 23/39 hp.
You hit Terence but do no damage. Terence hits you with a +0 flail.
You hit Terence. Terence hits you with a +0 flail.
* * * LOW HITPOINT WARNING * * *
HP[-5]
You take 5 damage, and now have 18/39 hp.
You hit Terence but do no damage. Terence hits you with a +0 flail!
* * * LOW HITPOINT WARNING * * *
HP[-7]
You take 7 damage, and now have 11/39 hp.
You hit Terence but do no damage. You headbutt Terence, but do no damage.
Terence screams, "I want your blood!" Terence closely misses you.
Terence hits you with a +0 flail!
* * * LOW HITPOINT WARNING * * *
HP[-9]
You take 9 damage, and now have 2/39 hp.
MASSIVE DAMAGE!! (PAUSE)
You hit Terence but do no damage. Your headbutt misses Terence.
Terence barely misses you.
You hit Terence but do no damage. You headbutt Terence.
Terence hits you but does no damage.
Unknown command.
You hit Terence. Your headbutt misses Terence. Terence closely misses you.
Terence barely misses you.
HP[+1]
You hit Terence. You headbutt Terence, but do no damage.
Terence barely misses you.
You hit Terence.
Terence shouts, "Get ready for death!"
Terence closely misses you.
You closely miss Terence. Terence hits you with a +0 flail.
* * * LOW HITPOINT WARNING * * *
HP[-2]
You take 2 damage, and now have 1/39 hp.
You hit Terence. Your headbutt misses Terence. Terence barely misses you.
Terence hits you with a +0 flail!
You die...
Terence says, "Time to find some more victims."

Skill      XL: |  1  2  3 |
---------------+----------+-----
Fighting       | 3 4 |  4.1
Maces & Flails | 3 |  3.0
Throwing       | |  1.0
Dodging        | |  2.1
Spellcasting   | |  2.4
Translocations | |  2.6

Action                     || total
---------------------------++-------
  Melee: Mace              ||    99
         Headbutt          ||    17
   Stab: Sleeping          ||     1
 Armour: Robe              ||    64
  Dodge: Dodged            ||    67

Levels and vault maps discovered:
D:1:      denvon_arrival_planthouse, layout_loops_ring, minivault_4, minivault_4
D:2:      layout_loops_ring, ebering_ecumenical_altar_mist, serial_bayou,
          serial_bayou_lagoon_a, serial_bayou_pond_e, serial_bayou_shore_b,
          serial_bayou_shore_a, minmay_worlds_worst_comb, uniq_terence

Notes
Turn   | Place    | Note
-------+----------+-------------------------------------------
     0 | D:1      | zeratav the Oni Warper began the quest for the Orb.
     0 | D:1      | Reached XP level 1. HP: 22/22 MP: 3/3
     0 | D:1      | magus.rc [v1.9.6]
    30 | D:1      | Reached skill level 3 in Fighting
    42 | D:1      | You pick up a book of Spatial Translocations and begin
                  | reading...
   117 | D:1      | Reached XP level 2. HP: 31/31 MP: 5/5
   307 | D:1      | Reached XP level 3. HP: 35/39 MP: 6/6
   862 | D:2      | Reached skill level 4 in Fighting
   881 | D:2      | Reached skill level 3 in Maces & Flails
   923 | D:2      | You pick up a book of Blood and begin reading...
   923 | D:2      | You add the spells Call Imp, Sublimation of Blood and
                  | Summon Hydra to your library.
   924 | D:2      | magus.rc [v1.9.6]
   983 | D:2      | Noticed Terence
   995 | D:2      | HP: 2/39 [Terence/+0 flail (10)]
  1001 | D:2      | HP: 1/39 [Terence/+0 flail (3)]
  1002 | D:2      | Mangled by Terence

Vanquished Creatures
  2 dart slugs (D:1)
  A ribbon worm (D:2)
  6 endoplasms
  2 goblins (D:1)
  3 hobgoblins (D:1)
  3 kobolds (D:1)
  2 quokkas (D:1)
  3 ball pythons
  6 bats
  A frilled lizard (D:1)
  5 rats
34 creatures vanquished.

Table legend:
 A = Non-vault XP
 B = Vault XP
 C = Vault XP percentage of total XP
 D = Non-vault monster count
 E = Vault monster count
 F = Vault count percentage of total count
                 A         B        C        D         E       F
            +---------+---------+-------+---------+---------+-------
      Total |      61 |       0 |   0.0 |      34 |       0 |   0.0
            +---------+---------+-------+---------+---------+-------
        D:1 |      45 |       0 |   0.0 |      24 |       0 |   0.0
        D:2 |      16 |       0 |   0.0 |      10 |       0 |   0.0
            +---------+---------+-------+---------+---------+-------

Skill      XL: |  1  2  3 |
---------------+----------+-----
Fighting       | 3 4 |  4.1
Maces & Flails | 3 |  3.0
Throwing       | |  1.0
Dodging        | |  2.1
Spellcasting   | |  2.4
Translocations | |  2.6

Action                     || total
---------------------------++-------
  Melee: Mace              ||    99
         Headbutt          ||    17
   Stab: Sleeping          ||     1
 Armour: Robe              ||    64
  Dodge: Dodged            ||    67

Illustrated notes

Table legend:
 A = Kills in this place as a percentage of kills in the entire game.
 B = Kills by you in this place as a percentage of kills by you in the entire game.
 C = Kills by friends in this place as a percentage of kills by friends in the entire game.
 D = Other kills in this place as a percentage of other kills in the entire game.
 E = Experience gained in this place as a percentage of experience gained in the entire game.
 F = Experience gained in this place divided by the number of levels of this place that you have seen.
                   A       B       C       D       E      F
               +-------+-------+-------+-------+-------+----------------------
         Total | 100.0 | 100.0 |   N/A |   N/A | 100.0 |  30.5
       Dungeon | 100.0 | 100.0 |   N/A |   N/A | 100.0 |  30.5
               +-------+-------+-------+-------+-------+----------------------

Table legend: (Time is in decaauts)
 A = Elapsed time spent in this place.
 B = Non-inter-level travel time spent in this place.
 C = Inter-level travel time spent in this place.
 D = Time resting spent in this place.
 E = Time spent auto-exploring this place.
 F = Levels seen in this place.
 G = Mean time per level.
                   A        B        C        D        E       F      G
               +--------+--------+--------+--------+--------+-----+--------+
         Total |   1027 |    998 |     29 |      5 |    759 |   2 |  513.5 |
       Dungeon |   1027 |    998 |     29 |      5 |    759 |   2 |  513.5 |
               +--------+--------+--------+--------+--------+-----+--------+

Top non-repeatable levels by time:
     D:1: 836 daAuts
     D:2: 191 daAuts
